 Dungeon Crawl Stone Soup version 0.31.0-11-ge490571c62 (webtiles) character file.

Game seed: 4013570713757609963

56 firemarshallily the Sneak (level 3, -4/29 HPs)
             Began as a Demonspawn Brigand on Feb 7, 2024.
             Slain by a ribbon worm (6 damage)
             ... on level 2 of the Dungeon.
             The game lasted 00:02:11 (1090 turns).

firemarshallily the Sneak (Demonspawn Brigand)      Turns: 1090, Time: 00:02:11

Health: -4/29      AC:  3    Str: 11    XL:     3   Next: 69%
Magic:  3/3        EV: 11    Int: 11    God:
Gold:   40         SH:  4    Dex: 16    Spells: 2/2 levels left

rFire   . . .        a - +2 dagger
rCold   . . .        (no shield)
rNeg    . . .        b - +0 robe
rPois   .            (no helmet)
rElec   .            c - +0 cloak
rCorr   .            (no gloves)
SInv    .            (no boots)
Will    .....        (no amulet)
Stlth   +++          (no ring)
HPRegen 0.24/turn    (no ring)
MPRegen 0.08/turn

%: no passive effects
@: no status effects
A: condensation shield, demonic magic 1
a: no special abilities


You were on level 2 of the Dungeon.
You visited 1 branch of the dungeon, and saw 2 of its levels.

You collected 40 gold pieces.

Inventory:

Hand Weapons
 a - a +2 dagger (weapon)
Missiles
 d - 9 poisoned darts (quivered)
 e - 3 curare-tipped darts
Armour
 b - a +0 robe (worn)
 c - a +0 cloak (worn)
 h - a +0 leather armour
Scrolls
 g - a scroll of vulnerability {unknown}
 k - a scroll of blinking {unknown}
Potions
 f - a potion of might {unknown}
 i - a potion of berserk rage {unknown}
 j - a potion of degeneration {unknown}
 l - 2 potions of heal wounds {unknown}


   Skills:
 * Level 3.0 Fighting
 * Level 2.7 Short Blades
 - Level 1.7 Throwing
 - Level 0.8 Dodging
 + Level 4.0 Stealth


You had 2 spell levels left.
You didn't know any spells.
Your spell library was empty.

Dungeon Overview and Level Annotations

Branches:
Dungeon (2/15)

Altars:

Shops:
D:1 =


Innate Abilities, Weirdness & Mutations

A meltable shield of frost defends you. (SH +4)
Spells you cast may paralyse adjacent enemies.


Message History

The ribbon worm expels a string of sticky webbing.
The stream of webbing misses you. The quokka closely misses you.
You hit the ribbon worm but do no damage.
The ribbon worm is moderately wounded.
The ribbon worm bites you. The quokka closely misses you.
You hit the ribbon worm.
The ribbon worm is heavily wounded.
The quokka barely misses you. The ribbon worm completely misses you.
You completely miss the ribbon worm.
The ribbon worm is heavily wounded.
The quokka bites you.
You hit the ribbon worm.
The ribbon worm is severely wounded.
The ribbon worm expels a string of sticky webbing.
The stream of webbing hits you but does no damage.
You are caught in a web!
The quokka bites you.
The web tears apart.
The quokka bites you. You block the ribbon worm's attack.
You hit the ribbon worm.
The ribbon worm is severely wounded.
The quokka barely misses you.
You barely miss the ribbon worm.
The ribbon worm is severely wounded.
The ribbon worm barely misses you. The quokka bites you.
You barely miss the ribbon worm.
The ribbon worm is severely wounded.
The quokka closely misses you. The ribbon worm barely misses you.
You hit the ribbon worm but do no damage.
The ribbon worm is heavily wounded.
The quokka bites you but does no damage.
The ribbon worm bites you!
* * * LOW HITPOINT WARNING * * *
You hit the ribbon worm.
The ribbon worm is heavily wounded.
The quokka misses you.
You hit the ribbon worm.
The ribbon worm is severely wounded.
The quokka bites you.
* * * LOW HITPOINT WARNING * * *
The ribbon worm bites you.
You die...

.#### ....# #. .......
.##.# #?# ....... .##.#
###.##....$.. <...#
#............ #####
#............
#............
#....†....... .
#....@w...^.. .######
#....r.......
......######......#####.
......................
......#########.......
......# #........
......# ###......
......# ...... ......#
...[.


You could see a ribbon worm and a quokka.

Vanquished Creatures
  Jessica (D:2)
  A dart slug (D:1)
  5 ball pythons
  3 bats (D:1)
  An endoplasm (D:1)
  2 giant cockroaches (D:1)
  A goblin (D:1)
  4 jackals (D:1)
  3 quokkas (D:1)
  5 rats (D:1)
26 creatures vanquished.

Notes
Turn   | Place    | Note
-------+----------+-------------------------------------------
     0 | D:1      | firemarshallily the Demonspawn Brigand began the quest for
                  | the Orb.
     0 | D:1      | Reached XP level 1. HP: 16/16 MP: 1/1
     9 | D:1      | Noticed an ogre
    94 | D:1      | Gained mutation: Spells you cast may paralyse adjacent
                  | enemies. [demonic ancestry]
    94 | D:1      | Reached XP level 2. HP: 15/22 MP: 2/2
   360 | D:1      | Found Quth's Jewellery Emporium.
   887 | D:2      | Noticed Jessica
   894 | D:2      | Killed Jessica
   895 | D:2      | Gained mutation: A meltable shield of frost defends you.
                  | (SH +4) [demonic ancestry]
   895 | D:2      | Reached XP level 3. HP: 15/29 MP: 3/3
  1068 | D:2      | Reached skill level 4 in Stealth
  1090 | D:2      | Slain by a ribbon worm

Illustrated notes

Levels and vault maps discovered:
D:1:      evilmike_arrival_come_back, layout_loops_ring, serial_shops, shop
D:2:      layout_basic, uniq_jessica

Skill      XL: |  1  2  3 |
---------------+----------+-----
Short Blades   | 2 |  2.7
Fighting       | 3 |  3.0
Stealth        | 4 |  4.0
Throwing       | |  1.7
Dodging        | |  0.8

Action                     || total
---------------------------++-------
  Melee: Dagger            ||    91
   Stab: Sleeping          ||     5
 Armour: Robe              ||    58
  Dodge: Dodged            ||    61
  Block: Other             ||     2
